 Dungeon Crawl Stone Soup version 0.31-a0-700-gf13585253f (webtiles) character file.

Game seed: 18171953198507223202

44 qw the Shooter (level 3, 0/22 HPs)
             Began as a Gargoyle Hunter on Sept 7, 2023.
             Slain by Sigmund
             ... wielding a +0 scythe
              (10 damage)
             ... on level 2 of the Dungeon.
             The game lasted 00:00:27 (1251 turns).

qw the Shooter (Gargoyle Hunter)                    Turns: 1251, Time: 00:00:27

Health: 0/22       AC:  6    Str: 14    XL:     3   Next: 62%
Magic:  3/3        EV: 11    Int:  9    God:
Gold:   44         SH:  0    Dex: 15    Spells: 2/2 levels left

rFire   . . .        Y - +0 shortbow
rCold   . . .        (shield currently unavailable)
rNeg    + . .        c - +0 leather armour
rPois   inf          (no helmet)
rElec   +            (no cloak)
rCorr   .            (no gloves)
SInv    .            (no boots)
Will    .....        (no amulet)
Stlth   +            (no ring)
HPRegen 0.23/turn    (no ring)
MPRegen 0.08/turn

%: no passive effects
@: confused
A: sickness immunity, AC +3, negative energy resistance 1, electricity
resistance, torment resistance 1, petrification resistance
a: no special abilities


You were on level 2 of the Dungeon.
You visited 1 branch of the dungeon, and saw 2 of its levels.

You collected 44 gold pieces.


Innate Abilities, Weirdness & Mutations

You are immune to sickness and miasma.
Your stone body is resilient. (AC +3)
You are immune to poison.
You resist negative energy. (rN+)
You are resistant to electric shocks. (rElec)
You are resistant to unholy torment.
You are immune to petrification.


   Skills:
 + Level 2.8 Fighting
 - Level 5.0 Ranged Weapons
 - Level 1.5 Dodging
 - Level 1.1 Stealth


You had 2 spell levels left.
You didn't know any spells.
Your spell library was empty.

Inventory:

Hand Weapons
 Y - a +0 shortbow (weapon)
Armour
 a - a +0 ring mail
 c - a +0 leather armour (worn)
Scrolls
 b - 2 scrolls of poison {unknown}
 e - a scroll of identify {unknown}
 h - a scroll of blinking {unknown}
Potions
 d - a potion of curing {unknown}
 f - a potion of enlightenment {unknown}
 g - a potion of haste {unknown}

Dungeon Overview and Level Annotations

Branches:
Dungeon (2/15)

Altars:

Shops:
D:1 !*=(

Annotations:
D:2 Sigmund


Message History

Things that are here:
a +0 club; a +0 sling; a goblin corpse You open the door.
A kobold comes into view. It is wielding a +0 dagger.
You shoot an arrow. The arrow hits the kobold.
You kill the kobold!
There is an open door here.
Found a falchion.
Found a stone staircase leading down.
Found an escape hatch in the ceiling.
You now have enough gold to buy a scroll of identify on D:1.
You can access your shopping list by pressing '$'.
You now have 38 gold pieces (gained 16).
g - a glowing black potion;
h - a scroll labelled JUNWOM JERURE
Enter note: You now have enough gold to buy a scroll of teleportation on D:1.
You can access your shopping list by pressing '$'.
You now have 44 gold pieces (gained 6).
Sigmund and a rat come into view.
Found 9 gold pieces.
Found an escape hatch in the floor.
You shoot an arrow. The arrow hits the rat!
You kill the rat!
Sigmund shouts!
Sigmund casts a spell at you. You resist with significant effort.
You shoot an arrow. The arrow hits Sigmund.
Sigmund is lightly wounded.
Sigmund points at you and mumbles some strange words.
You are confused.
Sigmund points at you and mumbles some strange words.
You are more confused.
Sigmund casts a spell at you. The puff of flame hits you!
Sigmund points at you and mumbles some strange words.
You resist with significant effort. Sigmund gestures at you while chanting.
You are more confused.
Sigmund hits you from afar with a +0 scythe!
Sigmund hits you from afar with a +0 scythe!
You die...
Sigmund begins carving another notch in his scythe.

#...<.. # #...... .#
###########......
#.##................
................### $
#.............# ..>##
#.............#
...%..##.............#
.....@.@#####........#
#.......# #.##..####
##......# #)##..#
#......# #....#######
#......# ###.>##.....
#......# ######.##.....
######.###......##.....
..................
##......##.....


You could see Sigmund.

Vanquished Creatures
  A dart slug (D:2)
  3 endoplasms
  A giant cockroach (D:1)
  6 goblins
  2 hobgoblins
  4 jackals (D:1)
  8 kobolds
  A quokka (D:1)
  4 ball pythons (D:1)
  2 bats (D:1)
  3 frilled lizards (D:1)
  4 rats
39 creatures vanquished.

Notes
Turn   | Place    | Note
-------+----------+-------------------------------------------
     0 | D:1      | qw the Gargoyle Hunter began the quest for the Orb.
     0 | D:1      | Reached XP level 1. HP: 12/12 MP: 1/1
     0 | D:1      | 0 ||| qw: Version: 0.3-a-76-g4403597
     0 | D:1      | 0 ||| qw: Game counter: 713
     0 | D:1      | 0 ||| qw: Melee chars always use a shield: true
     0 | D:1      | 0 ||| qw: God list: Okawaru
     0 | D:1      | 0 ||| qw: Allow faded altars: false
     0 | D:1      | 0 ||| qw: Do Orc after clearing Dungeon:15 true
     0 | D:1      | 0 ||| qw: Do second Lair branch before Depths: true
     0 | D:1      | 0 ||| qw: Lair rune preference: random
     0 | D:1      | 0 ||| qw: Goals: Normal
     0 | D:1      | 0 ||| PLANNING D:1-11
    71 | D:1      | Found Iwucaimu's Distillery.
    80 | D:1      | 80 ||| SHOPLISTING 2 potions of curing (66 gold, have 13).
    80 | D:1      | 80 ||| SHOPLISTING potion of cancellation (88 gold, have
                  | 13).
    80 | D:1      | 80 ||| SHOPLISTING potion of enlightenment (55 gold, have
                  | 13).
    80 | D:1      | 80 ||| SHOPLISTING potion of heal wounds (55 gold, have
                  | 13).
    80 | D:1      | 80 ||| SHOPLISTING potion of resistance (110 gold, have
                  | 13).
   198 | D:1      | Reached XP level 2. HP: 14/17 MP: 2/2
   383 | D:1      | Reached XP level 3. HP: 21/21 MP: 3/3
   455 | D:1      | Found Nuets's General Store.
   463 | D:1      | 463 ||| SHOPLISTING 3 scrolls of identify (78 gold, have
                  | 13).
   463 | D:1      | 463 ||| SHOPLISTING scroll of identify (26 gold, have 13).
   463 | D:1      | 463 ||| SHOPLISTING scroll of teleportation (39 gold, have
                  | 13).
   504 | D:1      | Reached skill level 5 in Ranged Weapons
   676 | D:1      | Found Rulonoet's Antique Weapon Shop.
   676 | D:1      | Found Liwotrio's Jewellery Shop.
   692 | D:1      | 692 ||| SHOPLISTING +6 ring of dexterity (360 gold, have
                  | 22).
   692 | D:1      | 692 ||| SHOPLISTING amulet of reflection (300 gold, have
                  | 22).
   692 | D:1      | 692 ||| SHOPLISTING amulet of regeneration (300 gold, have
                  | 22).
   692 | D:1      | 692 ||| SHOPLISTING ring of fire (250 gold, have 22).
   692 | D:1      | 692 ||| SHOPLISTING ring of ice (250 gold, have 22).
   692 | D:1      | 692 ||| SHOPLISTING ring of protection from fire (250 gold,
                  | have 22).
   692 | D:1      | 692 ||| SHOPLISTING ring of resist corrosion (200 gold,
                  | have 22).
   692 | D:1      | 692 ||| SHOPLISTING ring of willpower (250 gold, have 22).
   697 | D:1      | 697 ||| SHOPLISTING runed arbalest (165 gold, have 22).
   995 | D:1      | 995 ||| READING scroll labelled GIGOCRILLA.
   999 | D:1      | 999 ||| DRINKING 2 orange potions.
  1000 | D:1      | 1000 ||| DROPPING scroll of butterflies.
  1001 | D:1      | 1001 ||| DROPPING potion of brilliance.
  1237 | D:2      | Noticed Sigmund
  1251 | D:2      | Slain by Sigmund

Levels and vault maps discovered:
D:1:      minmay_arrival_semitransparent, layout_basic, serial_shops, shop,
          shop, nicolae_shop_hallway_stairs, shop, grunt_decor_junction
D:2:      layout_basic, serial_shops, nicolae_shop_mannequins, nicolae_titane,
          uniq_sigmund

Skill      XL: |  1  2  3 |
---------------+----------+-----
Ranged Weapons | 5 |  5.0
Fighting       | |  2.8
Dodging        | |  1.5
Stealth        | |  1.1

Action                     || total
---------------------------++-------
   Fire: Shortbow          ||   103
    Use: Scroll            ||     1
         Potion            ||     1
 Armour: Leather armour    ||    26
  Dodge: Dodged            ||    32

Table legend:
 A = Non-vault XP
 B = Vault XP
 C = Vault XP percentage of total XP
 D = Non-vault monster count
 E = Vault monster count
 F = Vault count percentage of total count
                 A         B        C        D         E       F
            +---------+---------+-------+---------+---------+-------
      Total |      64 |       0 |   0.0 |      39 |       0 |   0.0
            +---------+---------+-------+---------+---------+-------
        D:1 |      48 |       0 |   0.0 |      30 |       0 |   0.0
        D:2 |      16 |       0 |   0.0 |       9 |       0 |   0.0
            +---------+---------+-------+---------+---------+-------
